 Dungeon Crawl Stone Soup version 0.21.0-3-g78d12a8 (webtiles) character file.

108 Inchmeat the Poker (level 4, -3/33 HPs)
             Began as a Merfolk Gladiator on Jan 13, 2018.
             Killed from afar by an orc wizard (11 damage)
             ... with a puff of frost
             ... on level 3 of the Dungeon.
             The game lasted 00:02:15 (1765 turns).

Inchmeat the Poker (Merfolk Gladiator)              Turns: 1765, Time: 00:02:15

Health: -3/33      AC:  6    Str: 15    XL:     4   Next: 87%
Magic:  4/4        EV: 13    Int:  7    God:
Gold:   132        SH:  0    Dex: 15    Spells: 3/3 levels left

rFire    . . .     SeeInvis .   a - +0 trident
rCold    . . .     Gourm    .   (no shield)
rNeg     . . .     Faith    .   m - +0 ring mail
rPois    .         Spirit   .   c - +0 helmet
rElec    .         Reflect  .   (no cloak)
rCorr    .         Harm     .   (no gloves)
MR       .....                  (no boots)
Stlth    +.........             (no amulet)
HPRegen  0.11/turn              (no ring)
MPRegen  0.09/turn              (no ring)

@: no status effects
A: change form in water, swift swim, stealthy swim
a: no special abilities


You were on level 3 of the Dungeon.
You were not hungry.

You visited 1 branch of the dungeon, and saw 3 of its levels.

You collected 132 gold pieces.

Inventory:

Hand Weapons
 a - a +0 trident (weapon)
Missiles
 d - 3 throwing nets (quivered)
Armour
 b - a +0 leather armour
 c - a +0 helmet (worn)
 m - a +0 ring mail (worn)
Jewellery
 i - an uncursed ring of fire {unknown}
 q - an uncursed ring of fire {unknown}
Scrolls
 e - a scroll of amnesia {unknown}
 h - 2 scrolls of enchant armour {unknown}
 k - a scroll of enchant weapon {unknown}
 l - a scroll of fear {unknown}
 n - 2 scrolls of remove curse {unknown}
 p - a scroll of fog {unknown}
 r - a scroll of identify {unknown}
Potions
 g - a potion of cancellation {unknown}
 j - a potion of brilliance {unknown}
 o - a potion of berserk rage {unknown}
Comestibles
 f - 3 rations


   Skills:
 - Level 2.3 Fighting
 + Level 7.6 Polearms
 - Level 2.1 Throwing
 - Level 4.1 Dodging


You had 3 spell levels left.
You didn't know any spells.

Dungeon Overview and Level Annotations

Branches:
Dungeon (3/15)

Altars:


Message History

Tha orc hits ye from afar wit' a trident.
Tha orc throws a tomahawk.
Tha tomahawk hits ye.
Attack whom?
Press: ? - help, Dir - move target cursor, f/p - orc
Aim: an orc, wieldin' a club (severely wounded) Ye reach ta attack!
Ye barely miss tha orc.
Tha orc be severely wounded.
Tha orc barely misses ye.
Ye hit tha orc but do nay damage.
Tha orc be severely wounded.
Tha orc wizard hits ye wit' a dagger.
Tha orc closely misses ye.
Tha orc wizard barely misses ye.
Tha orc hits ye but does nay damage.
Tha orc wizard gestures at ye while chantin'.
Tha puff o' frost hits ye!
* * * LOW HITPOINT WARNIN'
* * * Tha orc throws a tomahawk.
Tha tomahawk barely misses ye.
Tha orc wizard casts a cantrip, but nuthin' happens.
Tha orc wizard gestures at ye while chantin'.
Tha puff o' frost hits ye!
Ye die...

##############
#.............
#..?..........
#.............
#.(...........
#####(...goo......
..........o.......
..........o.......
........@.o.......
..................
........##########
....(...########
........†......#
..........####.#######
.........†####..##...####
....................<....
........#######..#.#####.


You could see an orc wizard, 4 orcs and a goblin.

Vanquished Creatures
  4 adders
  An ooze (D:3)
  A worm (D:2)
  3 leopard geckos
  5 giant cockroaches
  6 goblins
  5 hobgoblins
  6 jackals
  A quokka (D:2)
  5 bats
  2 frilled lizards (D:2)
  8 kobolds
  13 rats
60 creatures vanquished.

Notes
Turn   | Place    | Note
-------+----------+-------------------------------------------
     0 | D:1      | Inchmeat the Merfolk Gladiator began the quest for the Orb.
     0 | D:1      | Reached XP level 1. HP: 16/16 MP: 1/1
    37 | D:1      | Reached XP level 2. HP: 20/22 MP: 2/2
    72 | D:1      | Reached skill level 5 in Polearms
   479 | D:1      | Reached XP level 3. HP: 27/27 MP: 3/3
   598 | D:1      | Reached skill level 6 in Polearms
  1112 | D:2      | Reached XP level 4. HP: 31/33 MP: 4/4
  1311 | D:2      | Reached skill level 7 in Polearms
  1765 | D:3      | Killed from afar by an orc wizard

Skill      XL: |  1  2  3  4 |
---------------+-------------+-----
Polearms       | 5 6 7 |  7.6
Fighting       | |  2.3
Throwing       | |  2.1
Dodging        | |  4.1

Action                   |  1- 3 |  4- 6 || total
-------------------------+-------+-------++-------
Melee: Trident           |   139 |    71 ||   210
  Eat: Chunk             |       |     3 ||     3
Armor: Leather armour    |    26 |       ||    26
       Ring mail         |    16 |    16 ||    32
Dodge: Dodged            |   103 |    40 ||   143
